Map: Blackpink LE

Players

Serral

  • Race: Zerg Zerg
  • Spawn Location: 1:00

Trust - Winner!

  • Race: Protoss Protoss
  • Spawn Location: 7:00

Event: IEM Season 12 - Katowice

VOD

Have the link to the VOD?

Description

Time

  • Played on: Feb. 26, 2018, 9:58 a.m.
  • Length: 8:17

All games in this series

Show
View Real Time Build Order
Export as new Build Order

Serral Zerg 

Build Orders: Hatch First 

Get SALT Encoding   

  12  0:00  Drone  
  13  0:12  Overlord  
  13  0:18  Drone  
  14  0:31  Drone x2  
  16  0:49  Hatchery  
  15  0:52  Drone  
  15  0:56  Drone  
  17  1:10  Spawning Pool  
  16  1:13  Extractor  
  16  1:15  Drone  
  16  1:18  Drone  
  16  1:22  Drone  
  18  1:28  Drone  
  19  1:40  Overlord  
  19  1:50  Drone  
  20  1:57  Queen  
  22  2:01  Queen  
  22  2:03  Drone, Zergling x2  
  26  2:12  Drone x2  
  26  2:14  Metabolic Boost  
  28  2:22  Drone x2  
  30  2:38  Hatchery  
  30  2:41  Drone  
  30  2:44  Drone  
  30  2:49  Queen  
  33  2:51  Zergling x2  
  33  2:53  Zergling x2  
  33  2:58  Overlord  
  35  3:00  Zergling x2  
  36  3:09  Overlord  
  36  3:17  Drone x5  
  39  3:28  Zergling x2  
  39  3:30  Drone  
  39  3:32  Spore Crawler  
  39  3:35  Spore Crawler  
  39  3:36  Drone  
  39  3:37  Drone x2  
  39  3:39  Drone  
  39  3:40  Queen  
  44  3:45  Overlord  
  44  3:46  Drone  
  45  3:52  Drone  
  46  3:57  Drone x4  
  46  4:01  Lair  
  50  4:03  Drone  
  50  4:08  Spore Crawler, Drone  
  51  4:10  Drone  
  51  4:11  Drone  
  51  4:13  Drone  
  51  4:15  Drone  
  55  4:17  Overlord  
  55  4:26  Queen  
  55  4:30  Drone, Spore Crawler  
  51  4:32  Drone  
  51  4:34  Drone  
  51  4:35  Drone  
  51  4:36  Drone  
  54  4:39  Drone  
  54  4:41  Extractor  
  54  4:42  Extractor  
  54  4:44  Drone x2  
  55  4:46  Drone  
  55  4:48  Drone  
  55  4:49  Drone  
  58  4:53  Overlord  
  58  4:54  Drone x2  
  56  5:01  Drone  
  56  5:02  Drone x3  
  56  5:05  Hydralisk Den  
  56  5:06  Drone  
  60  5:11  Drone x3  
  60  5:13  Overlord  
  63  5:21  Drone x3  
  66  5:24  Extractor  
  66  5:25  Overlord  
  66  5:26  Drone, Overlord  
  66  5:35  Hydralisk x3  
  69  5:45  Hydralisk x4  
  74  5:50  Drone x3  
  74  5:56  Hydralisk  
  79  5:58  Drone x4  
  79  6:00  Zergling x2  
  79  6:01  Zergling x2  
  85  6:06  Overlord, Muscular Augments  
  85  6:11  Overlord  
  85  6:12  Drone  
  85  6:15  Overlord  
  86  6:22  Hydralisk x2  
  86  6:25  Drone x4  
  92  6:30  Drone x3  
  92  6:32  Drone  
  96  6:33  Drone  
  96  6:35  Extractor  
  96  6:36  Extractor  
  96  6:37  Evolution Chamber  
  96  6:38  Drone  
  96  6:39  Drone  
  96  6:41  Drone  
  96  6:43  Overlord  
  97  6:48  Hydralisk x2  
  97  6:52  Hydralisk  
  103  7:00  Hydralisk x3  
  109  7:03  Baneling Nest  
  108  7:11  Overlord  
  108  7:12  Hydralisk x2  
  108  7:13  Zergling x2  
  112  7:17  Zergling x2  
  112  7:18  Zergling x4  
  115  7:23  Zergling x6  
  118  7:32  Hydralisk x4  
  118  7:36  Zergling x6  
  129  7:47  Baneling x14  
  129  7:48  Evolution Chamber  
  129  7:49  Zergling x2  
  122  7:58  Zergling x2  
  122  7:59  Zergling x14  
Show
View Real Time Build Order
Export as new Build Order

Trust Protoss - Winner!

Build Orders: 1 Gate Expand, Oracle Opening, Phoenix Opening, Zealot Archon, Archon Drop 

Get SALT Encoding   

  12  0:00  Probe  
  13  0:12  Probe  
  14  0:18  Pylon  
  14  0:25  Probe (Chrono Boost)  
  15  0:37  Probe (Chrono Boost)  
  15  0:38  Gateway  
  16  0:46  Probe (Chrono Boost)  
  16  0:47  Assimilator  
  17  0:51  Probe  
  18  1:03  Probe  
  19  1:15  Probe  
  20  1:25  Nexus  
  20  1:35  Cybernetics Core  
  20  1:38  Probe  
  21  1:45  Assimilator  
  21  1:50  Probe  
  21  1:54  Pylon  
  22  2:03  Probe  
  23  2:11  Adept (Chrono Boost)  
  23  2:12  Stargate  
  25  2:16  Probe  
  26  2:23  Warp Gate  
  26  2:28  Probe  
  27  2:30  Adept (Chrono Boost)  
  27  2:37  Probe  
  30  2:41  Probe  
  31  2:49  Probe, Adept (Chrono Boost)  
  34  2:53  Probe  
  34  2:57  Oracle (Chrono Boost)  
  35  3:01  Probe  
  39  3:09  Probe  
  40  3:13  Probe, Pylon  
  41  3:21  Gateway  
  41  3:26  Probe x2, Oracle (Chrono Boost)  
  44  3:40  Probe  
  44  3:41  Probe  
  44  3:43  Assimilator  
  44  3:44  Adept, Assimilator  
  46  3:53  Probe x2  
  48  3:56  Phoenix (Chrono Boost)  
  48  3:59  Pylon  
  50  4:06  Probe (Chrono Boost)  
  50  4:07  Probe (Chrono Boost)  
  52  4:10  Robotics Facility  
  52  4:18  Probe (Chrono Boost), Twilight Council  
  52  4:24  Probe (Chrono Boost)  
  54  4:25  Probe (Chrono Boost)  
  54  4:30  Probe  
  56  4:34  Oracle  
  60  4:42  Pylon  
  60  4:43  Gateway x2  
  59  4:48  Pylon  
  59  4:54  Templar Archives  
  59  5:02  Warp Prism (Chrono Boost)  
  58  5:07  Zealot x2  
  58  5:11  Probe x2  
  64  5:23  Nexus  
  64  5:25  Pylon  
  64  5:30  Immortal (Chrono Boost)  
  65  5:54  High Templar x3  
  65  5:55  High Templar  
  73  5:57  Gateway  
  73  5:58  Archon x2, Gateway  
  73  5:59  Gateway  
  73  6:01  Gateway  
  73  6:05  Immortal (Chrono Boost)  
  77  6:13  Charge (Chrono Boost)  
  77  6:32  Zealot, Sentry  
  79  6:34  Zealot x2  
  79  6:35  Immortal (Chrono Boost)  
  89  6:40  Pylon  
  89  6:41  Pylon  
  92  6:59  Zealot x2, High Templar x2  
  92  7:00  Zealot x2  
  101  7:01  Zealot x2  
  101  7:05  Archon  
  101  7:08  Observer (Chrono Boost)  
  106  7:09  Pylon  
  106  7:20  Zealot  
  108  7:24  Pylon  
  108  7:25  Pylon  
  108  7:34  Zealot x4, High Templar x2  
  108  7:35  Zealot  
  120  7:38  Archon  
  120  7:49  Pylon  
  120  7:52  Zealot x2  
  120  7:56  Zealot x4  
  128  8:09  Zealot x2  
  109  8:12  Zealot x2  
  109  8:16  Zealot x3  

Tags
 
Add a new tag
Caveats
  • Supply blocks, unpowered buildings, or Contaminate may cause inaccurate times.
  • Supply counts are checked every 10 seconds.